 Dungeon Crawl Stone Soup version 0.18-a0-1685-g4482fe3 (webtiles) character file.

65 Heskey the Sneak (level 3, -2/18 HPs)
             Began as a Spriggan Assassin on Apr 4, 2016.
             Slain by Grinder (4 damage)
             ... on level 3 of the Dungeon.
             The game lasted 00:04:15 (1686 turns).

Heskey the Sneak (Spriggan Assassin)                Turns: 1686, Time: 00:04:16

Health: -2/18      AC:  3    Str:  7    XL:     3   Next: 92%
Magic:  4/4        EV: 18    Int: 12    God:
Gold:   152        SH:  0    Dex: 18    Spells: 0 memorised, 2 levels left

rFire  + . .     SeeInvis +     a - +2 dagger
rCold  . . .     Gourm    .     c - +0 robe
rNeg   . . .     Faith    .     (shield restricted)
rPois  +         Spirit   .     (helmet restricted)
rElec  .         Dismiss  .     d - +0 cloak
rCorr  .         Reflect  .     (gloves unavailable)
SustAt .         Harm     .     (boots unavailable)
MR     .....                    (no amulet)
Stlth  ++++......               m - ring of poison resistance
                                j - ring of protection from fire

@: very quick, not resistant to hostile enchantments, stealthy
A: unfitting armour, see invisible, herbivore 3, speed 3, slow metabolism 2
a: no special abilities


You were on level 3 of the Dungeon.
You were not hungry.

You visited 1 branch of the dungeon, and saw 3 of its levels.

You collected 152 gold pieces.

Inventory:

Hand Weapons
 a - a +2 dagger (weapon)
 b - a +0 blowgun
Missiles
 e - 7 poisoned needles
 f - a curare-tipped needle
Armour
 c - a +0 robe (worn)
 d - a +0 cloak (worn)
Jewellery
 j - a ring of protection from fire (left hand)
 m - a ring of poison resistance (right hand)
Scrolls
 h - a scroll of identify
 i - a scroll of enchant weapon
 k - a scroll of teleportation
 l - 2 scrolls of blinking {unknown}
 s - 2 scrolls of remove curse {unknown}
Potions
 o - a potion of cure mutation {unknown}
 p - a potion of brilliance {unknown}
 q - a potion of agility {unknown}
 r - a potion of haste {unknown}
Comestibles
 g - 2 bread rations
 n - a royal jelly


   Skills:
 * Level 1.9 Fighting
 * Level 2.9 Short Blades
 + Level 2.1 Throwing
 * Level 2.6 Dodging
 + Level 7.1 Stealth


You had 2 spell levels left.
You didn't know any spells.

Dungeon Overview and Level Annotations

Branches:
Dungeon (3/15)

Altars:
Kikubaaqudgha
Nemelex Xobeh

Annotations:
D:3 Grinder


Innate Abilities, Weirdness & Mutations

You are tiny and cannot use many weapons and most armour.
You have supernaturally acute eyesight.
You are a herbivore.
You cover ground extremely quickly.
You need consume almost no food.


Message History

You can move again.
Unknown command.
No target in view!
No target in view!
No target in view!
Found 15 poisoned needles.
You hit Grinder.
Grinder is lightly wounded.
Grinder barely misses you.
You hit Grinder.
Grinder is lightly wounded.
Grinder gestures at you. Pain shoots through your body!
Ouch! That really hurt!
You hit Grinder.
Grinder is moderately wounded.
Grinder hits you.
* * * LOW HITPOINT WARNING * * *
You writhe in agony.
You die...

##.... ...## #.....
.... ..... ... #
...(#.. ## ##..#..
.## #..##.##
..####.#
#...#5.#.####
.......#
#....@.......
..######
#..#########. .##
#..### #### #....#
...# #..#.# ##.#
#.##.#
#.#########.##.###
#..................
###############..##.


You could see Grinder.

Vanquished Creatures
  An adder (D:2)
  A worm (D:2)
  A giant gecko (D:2)
  An orc (D:3)
  2 ball pythons (D:1)
  8 bats
  4 giant cockroaches
  3 goblins
  5 hobgoblins
  2 jackals (D:3)
  2 giant newts
  7 kobolds
  8 rats
45 creatures vanquished.

Notes
Turn   | Place    | Note
--------------------------------------------------------------
     0 | D:1      | Heskey the Spriggan Assassin began the quest for the Orb.
     0 | D:1      | Reached XP level 1. HP: 10/10 MP: 2/2
    24 | D:1      | Reached skill level 6 in Stealth
    96 | D:1      | Reached XP level 2. HP: 15/15 MP: 3/3
   470 | D:2      | Reached XP level 3. HP: 13/18 MP: 4/4
   541 | D:2      | Found an ancient bone altar of Kikubaaqudgha.
   737 | D:2      | Reached skill level 7 in Stealth
  1144 | D:2      | Found a sparkling altar of Nemelex Xobeh.
  1676 | D:3      | Noticed Grinder
  1679 | D:3      | Paralysed by Grinder for 2 turns
  1686 | D:3      | Slain by Grinder

Vault maps used:
D:1:      dpeg_arrival_connections, st_stairs_3
D:2:      lemuel_round_altar, first_bread, nemelex_diamond_rough_becter
D:3:      nicolae_ashenzari_panopticon, uniq_grinder

Skill      XL: |  1  2  3 |
---------------+----------+-----
Stealth        | 6 7 |  7.1
Dodging        | 2 |  2.6
Fighting       | |  1.9
Short Blades   | |  2.9
Throwing       | |  2.1

Action                   || total
-------------------------++-------
Melee: Dagger            ||   165
 Fire: Blowgun           ||     9
  Use: Scroll            ||     4
 Stab: Sleeping          ||    17
       Distracted        ||     1
